 Dungeon Crawl Stone Soup version 0.26-a0-110-g95b6527cb0 (webtiles) character file.

Game seed: 16875896750747776620

439 drasked the Sneak (level 6, 0/28 HPs)
             Began as a Spriggan Enchanter on June 23, 2020.
             Was an Initiate of Ashenzari.
             Hit by a boomerang thrown by an orc (5 damage)
             ... on level 5 of the Dungeon.
             The game lasted 00:14:24 (4590 turns).

drasked the Sneak (Spriggan Enchanter)              Turns: 4590, Time: 00:14:25

Health: 0/28       AC:  3    Str:  4    XL:     6   Next: 70%
Magic:  15/15      EV: 18    Int: 19    God:    Ashenzari [......]
Gold:   171        SH:  0    Dex: 16    Spells: 9/15 levels left

rFire    . . .     SeeInvis +   k - +2 dagger (venom)
rCold    . . .     Faith    +   (shield restricted)
rNeg     . . .     Spirit   .   b - +0 robe
rPois    .         Reflect  .   (helmet restricted)
rElec    .         Harm     .   m - +0 cloak
rCorr    .                      (gloves unavailable)
MR       +....                  (boots unavailable)
Stlth    ++++......             d - amulet of faith {Faith, !PFaith, !P}
HPRegen  0.09/turn              (no ring)
MPRegen  0.14/turn              (no ring)

@: very quick
A: very small, unfitting armour, see invisible, herbivore, speed 3, slow
metabolism 2
a: Curse Item, Renounce Religion


You were on level 5 of the Dungeon.
You worshipped Ashenzari.
Ashenzari was noncommittal.
You were not hungry.

You visited 2 branches of the dungeon, and saw 6 of its levels.

You collected 213 gold pieces.
You spent 42 gold pieces at shops.

Inventory:

Hand Weapons
 k - a +2 dagger of venom (weapon)
   (You took it off a goblin on level 2 of the Dungeon)
Armour
 b - a +0 robe (worn)
 m - a +0 cloak (worn)
   (You found it on level 2 of the Dungeon)
Jewellery
 d - an amulet of faith (around neck) {Faith, !PFaith, !P}
   (You found it on level 3 of the Dungeon)
Wands
 s - a wand of acid (8)
   (You took it off Ijyb on level 3 of the Dungeon)
Scrolls
 g - a scroll of fear
 i - a scroll of identify
 j - a scroll of enchant weapon
 o - a scroll of blinking {unknown}
 r - a scroll of amnesia {unknown}
 w - a scroll of remove curse
Potions
 a - a potion of mutation {unknown}
 c - a potion of heal wounds {unknown}
 f - 2 potions of stabbing {unknown}
 h - 3 potions of haste
 l - a potion of brilliance {unknown}
 n - 2 potions of resistance
 p - a potion of flight {unknown}
 q - 2 potions of curing
 t - a potion of ambrosia {unknown}
Comestibles
 e - 5 rations


   Skills:
 + Level 4.5 Short Blades
 - Level 3.0 Dodging
 + Level 7.7 Stealth
 + Level 5.4 Spellcasting
 - Level 3.6 Hexes


You had 9 spell levels left.
You knew the following spells:

 Your Spells              Type           Power        Failure   Level  Hunger
a - Ensorcelled Hibernat  Hex/Ice        ##....       9%          2    None
b - Confusing Touch       Hex            ###.....     8%          3    ##.....
v - Corona                Hex            ###....      2%          1    None

Your spell library contained the following spells:

 Spells                   Type           Power        Failure   Level  Hunger
 Tukima's Dance           Hex            ###.....     8%          3    ##.....
 Dazzling Flash           Conj/Hex       ##....       17%         3    ##.....


Dungeon Overview and Level Annotations

Branches:
Dungeon (5/15)             Temple (1/1) D:4

Altars:
Ashenzari
Cheibriados
Dithmenos
Gozag
Hepliaklqana
Kikubaaqudgha
Makhleb
Okawaru
Qazlal
Ru
Sif Muna
Trog
Vehumet
Wu Jian
Yredelemnul
Zin

Shops:
D:4 *


Innate Abilities, Weirdness & Mutations

You are very small and have problems with some larger weapons.
You are too small for most types of armour.
You have supernaturally acute eyesight. (SInv)
You are a herbivore.
You cover ground extremely quickly.
You need to consume almost no food.


Message History

You eat one of the 4 rations.
That ration really hit the spot!
There is a staircase to the Ecumenical Temple here.
You see here a +0 leather armour.
There is a stone staircase leading down here.
You climb downwards.
There is a stone staircase leading up here.
You now have 144 gold pieces (gained 7).
o - a scroll labeled AJAGEROBEXO
i - a scroll of identify;
r - a scroll labeled TEMPIS MEHIAX
Found a sacrificial altar of Ru.
You now have 163 gold pieces (gained 19).
A frilled lizard comes into view.
The frilled lizard hisses angrily.
A frilled lizard is nearby!
You closely miss the frilled lizard. The frilled lizard barely misses you.
You closely miss the frilled lizard. The frilled lizard barely misses you.
You closely miss the frilled lizard. You hit the frilled lizard.
You kill the frilled lizard!
No target in view!
You now have 171 gold pieces (gained 8).
Found an escape hatch in the floor.
Found a stone staircase leading up.
A crimson imp comes into view.
The crimson imp moves out of view.
The crimson imp shouts!
The crimson imp laughs crazily.
You hit the crimson imp but do no damage.
The crimson imp blinks!
You hit the crimson imp but do no damage.
The crimson imp closely misses you.
You hit the crimson imp. You hit the crimson imp.
The crimson imp closely misses you.
You hit the crimson imp. The crimson imp hits you.
You barely miss the crimson imp.
The crimson imp hits you but does no damage.
You hit the crimson imp but do no damage.
The crimson imp is poisoned.
The crimson imp hits you.
You completely miss the crimson imp. You hit the crimson imp.
The crimson imp looks as sick as possible!
The crimson imp misses you.
You hit the crimson imp but do no damage.
The crimson imp misses you.
You completely miss the crimson imp. The crimson imp hits you.
You closely miss the crimson imp. You closely miss the crimson imp.
You kill the crimson imp!
e - 4 rations (gained 1)
You start resting.
You start resting.
An orc and an orc wizard come into view.
The orc wizard shouts!
An orc wizard comes into view. It is wielding a +0 dagger.
Aim: an orc wizard, wielding a +0 dagger and wearing a +0 robe (chance to defeat MR: 43%)
The orc wizard looks drowsy...
The orc wizard shouts!
The helpless orc wizard fails to defend itself.
You skewer the orc wizard like a kebab!!!
You kill the orc wizard!
You start resting.
The orc wizard is too close now for your liking.
Things that are here:
a +0 dagger; a +0 robe; an orc corpse You see here an uncursed ring mail.
e - 5 rations (gained 1)
You see here an uncursed club.
Found a stone staircase leading down.
An orc comes into view. It is wielding a +0 short sword.
The orc moves out of view.
An orc is nearby!
The orc shouts!
You hear a shout!
The orc hits you with a +0 short sword.
You closely miss the orc. The orc hits you with a +0 short sword.
You hit the orc.
The orc is poisoned.
The orc misses you.
You barely miss the orc. You hit the orc.
The orc looks as sick as possible!
The orc misses you. The orc barely misses you.
You kill the orc!
The orc wizard casts a spell at you. The puff of flame hits you.
The orc shouts!
You hit the orc wizard. The orc wizard barely misses you.
You closely miss the orc wizard. You hit the orc wizard.
The orc wizard is poisoned.
A bullfrog skeleton comes into view.
The orc throws a boomerang.
The boomerang hits you.
* * * LOW HITPOINT WARNING * * *
The weapon returns to the orc!
You hit the orc wizard.
The orc wizard looks as sick as possible!
The orc wizard points at you and mumbles some strange words.
The magic dart hits you!
* * * LOW HITPOINT WARNING * * *
The orc wizard hits you with a +0 dagger.
* * * LOW HITPOINT WARNING * * *
The orc throws a boomerang.
The boomerang hits you.
You die...

...##
##...##
..##
##...##
###
##...## #
##...##
##...##
##.>.##
##...##
##...##
##@..#
##..## .#
##.o##..#
##oZ..#
##...#
..## ..#
..# .##


You could see an orc wizard (extremely poisoned), an orc and a bullfrog
skeleton.

Levels and vault maps discovered:
D:1:      dpeg_arrival_snail, layout_basic
D:2:      layout_loops_cross, first_ration, uniq_natasha, uniq_terence
D:3:      layout_loops_ring, marbit_many_paths, vehumet_crystals, uniq_ijyb,
          uniq_crazy_yiuf_cottage
D:4:      layout_loops_ring, amethyst_overflow_temple_binary,
          lemuel_round_altar, minmay_temple_entry_tees, serial_shops, shop
D:5:      layout_cave_pods, lemuel_doored_altar, lemuel_round_altar,
          nicolae_ru_awakened_eye, uniq_blork_the_orc
Temple:   cyrus_temple_forest

Notes
Turn   | Place    | Note
-------+----------+-------------------------------------------
     0 | D:1      | drasked the Spriggan Enchanter began the quest for the Orb.
     0 | D:1      | Reached XP level 1. HP: 9/9 MP: 5/5
    66 | D:1      | Identified a +0 dagger
    77 | D:1      | Identified a +0 club
    87 | D:1      | Identified a cursed +0 hunting sling (You found it on level
                  | 1 of the Dungeon)
    88 | D:1      | Identified a scroll of remove curse
    99 | D:1      | Identified a +1 dagger
   129 | D:1      | Identified a +0 dagger
   130 | D:1      | Identified a +0 dagger
   138 | D:1      | Identified a +0 club
   146 | D:1      | Reached skill level 3 in Spellcasting
   165 | D:1      | Identified a +0 dagger of venom
   383 | D:1      | Reached XP level 2. HP: 13/13 MP: 7/7
   430 | D:1      | Identified a +0 club
   432 | D:1      | Identified a +0 club
   660 | D:1      | Reached skill level 5 in Stealth
   688 | D:1      | Identified a +0 club
   697 | D:1      | Reached skill level 2 in Short Blades
   759 | D:1      | Reached XP level 3. HP: 16/16 MP: 8/8
   947 | D:1      | Identified a +0 short sword
   999 | D:1      | Identified a +0 club
  1311 | D:1      | Identified a +0 short sword
  1345 | D:1      | Learned a level 2 spell: Ensorcelled Hibernation
  1349 | D:1      | Learned a level 3 spell: Confusing Touch
  1367 | D:2      | Identified a +1 dagger of venom
  1367 | D:2      | Identified a +0 hunting sling
  1405 | D:2      | Identified a +4 short sword
  1434 | D:2      | Noticed Natasha
  1496 | D:2      | Identified a +0 club
  1652 | D:2      | Identified a +0 mace
  1652 | D:2      | Identified a +0 chain mail
  1652 | D:2      | Noticed Terence
  1657 | D:2      | Killed Terence
  1657 | D:2      | Reached XP level 4. HP: 21/21 MP: 7/10
  1812 | D:2      | Identified a +0 dagger
  2004 | D:2      | Reached skill level 4 in Spellcasting
  2042 | D:2      | Killed Natasha
  2042 | D:2      | Reached skill level 3 in Short Blades
  2042 | D:2      | Reached skill level 6 in Stealth
  2159 | D:3      | Identified a +0 club
  2214 | D:3      | Reached XP level 5. HP: 21/24 MP: 3/12
  2300 | D:3      | Found a radiant altar of Vehumet.
  2525 | D:3      | Identified an amulet of faith (You found it on level 3 of
                  | the Dungeon)
  2581 | D:3      | Identified a +0 dagger
  2606 | D:3      | Identified a +0 dagger
  2783 | D:3      | Found a snail-covered altar of Cheibriados.
  2875 | D:3      | Identified a +0 leather armour
  2875 | D:3      | Noticed Ijyb
  2881 | D:3      | Killed Ijyb
  3000 | D:3      | Found a runed translucent door.
  3001 | D:3      | Identified a +3 quarterstaff of chaos
  3001 | D:3      | Identified a +0 cloak
  3001 | D:3      | Noticed Crazy Yiuf
  3008 | D:3      | Killed Crazy Yiuf
  3016 | D:3      | Identified a +0 cloak (You found it on level 2 of the
                  | Dungeon)
  3046 | D:3      | Identified 3 scrolls of identify
  3046 | D:3      | Identified 3 potions of haste
  3047 | D:3      | Identified 2 potions of resistance
  3048 | D:3      | Identified 2 potions of curing
  3049 | D:3      | Identified a scroll of teleportation
  3050 | D:3      | Identified a scroll of fear
  3051 | D:3      | Identified a scroll of immolation
  3052 | D:3      | Identified 2 scrolls of enchant weapon
  3053 | D:3      | Identified a scroll of fog
  3054 | D:3      | Identified a scroll of random uselessness
  3091 | D:4      | Found Kaith's Assorted Antiques.
  3099 | D:4      | Bought a sapphire potion for 21 gold pieces
  3099 | D:4      | Bought a grey potion for 21 gold pieces
  3100 | D:4      | Identified a +0 mace
  3103 | D:4      | Identified a +0 hand axe
  3215 | D:4      | Reached skill level 7 in Stealth
  3215 | D:4      | Reached XP level 6. HP: 28/28 MP: 14/14
  3265 | D:4      | Reached skill level 4 in Short Blades
  3265 | D:4      | Reached skill level 5 in Spellcasting
  3463 | D:4      | Found a stormy altar of Qazlal.
  3469 | D:4      | Found a bloodstained altar of Trog.
  3533 | D:4      | Found a staircase to the Ecumenical Temple.
  3541 | D:4      | Identified a +0 leather armour
  3576 | Temple   | Entered the Ecumenical Temple
  3760 | Temple   | Became a worshipper of Ashenzari the Shackled
  3999 | D:4      | Found a shadowy altar of Dithmenos.
  3999 | D:4      | Identified a +0 falchion
  4209 | D:5      | Entered Level 5 of the Dungeon
  4237 | D:5      | Found a sacrificial altar of Ru.
  4442 | D:5      | Identified a +0 dagger
  4442 | D:5      | Identified a +0 robe
  4442 | D:5      | Identified a +0 mace
  4453 | D:5      | Identified a +0 dagger
  4453 | D:5      | Identified a +0 robe
  4572 | D:5      | Identified a +0 short sword
  4587 | D:5      | HP: 6/28 [orc wizard/magic dart (8)]
  4590 | D:5      | Hit by a boomerang thrown by an orc

Table legend:
 A = Turns spent in this place as a percentage of turns spent in the entire game.
 B = Non-inter-level travel turns spent in this place as a percentage of non-inter-level travel turns spent in the entire game.
 C = Inter-level travel turns spent in this place as a percentage of turns spent in this place.
 D = Turns resting spent in this place as a percentage of non-inter-level travel turns spent in this place.
 E = Turns spent auto-exploring this place as a percentage of non-inter-level travel turns spent in this place.
 F = Non-inter-level travel turns spent in this place divided by the number of levels of this place that you've seen.
                   A       B       C       D       E      F
               +-------+-------+-------+-------+-------+----------------------
         Total | 100.0 | 100.0 |   3.5 |  23.6 |  52.5 | 738.3
       Dungeon |  95.1 |  95.8 |   2.7 |  22.5 |  53.3 | 848.8
        Temple |   4.9 |   4.2 |  17.7 |  48.4 |  34.9 | 186.0
               +-------+-------+-------+-------+-------+----------------------

Table legend:
 A = Kills in this place as a percentage of kills in entire the game.
 B = Kills by you in this place as a percentage of kills by you in the entire game.
 C = Kills by friends in this place as a percentage of kills by friends in the entire game.
 D = Other kills in this place as a percentage of other kills in the entire game.
 E = Experience gained in this place as a percentage of experience gained in the entire game.
 F = Experience gained in this place divided by the number of levels of this place that you have seen.
                   A       B       C       D       E      F
               +-------+-------+-------+-------+-------+----------------------
         Total | 100.0 | 100.0 |   N/A |   N/A | 100.0 | 104.7
       Dungeon | 100.0 | 100.0 |   N/A |   N/A | 100.0 | 125.6
               +-------+-------+-------+-------+-------+----------------------

Skill      XL: |  1  2  3  4  5  6 |
---------------+-------------------+-----
Spellcasting   | 3 4 5 |  5.4
Stealth        | 5 6 7 |  7.7
Short Blades   | 2 3 4 |  4.5
Dodging        | |  3.0
Hexes          | |  3.6

Action                   |  1- 3 |  4- 6 || total
-------------------------+-------+-------++-------
Melee: Dagger            |   123 |   187 ||   310
 Fire: Hunting sling     |     2 |       ||     2
Throw: Stone             |    53 |    17 ||    70
 Cast: Ensorcelled Hiber |     1 |    10 ||    11
  Use: Scroll            |     1 |     9 ||    10
 Stab: Sleeping          |     4 |    19 ||    23
  Eat: Ration            |       |     1 ||     1
Armor: Robe              |     4 |    12 ||    16
Dodge: Dodged            |    97 |   101 ||   198

Vanquished Creatures
  A howler monkey (D:4)
  A crimson imp (D:5)
  Crazy Yiuf (D:3)
  An orc priest (D:4)
  A hound (D:4)
  An orc wizard (D:5)
  Terence (D:2)
  Natasha (D:2)
  An iguana (D:4)
  Ijyb (D:3)
  4 adders
  An ooze (D:3)
  An adder skeleton (D:4)
  A worm (D:2)
  4 dart slugs
  2 leopard geckos
  9 orcs
  A ball python (D:1)
  5 giant cockroaches
  13 goblins
  5 hobgoblins
  13 jackals
  6 kobolds
  7 bats
  6 frilled lizards
  4 rats
  A fungus (D:3)
93 creatures vanquished.
